 Dungeon Crawl Stone Soup version 0.32-a0-747-gc8563f6773 (webtiles) character file.

Game seed: 5295980280834027296

931 jasper the Fighter (level 7, -1/93 HPs)
             Began as a Demonspawn Shapeshifter on Mar 17, 2024.
             Was a Follower of Yredelemnul.
             Slain by a two-headed ogre
             ... wielding a +0 giant club
              (2 damage)
             ... on level 6 of the Dungeon.
             The game lasted 00:09:30 (4531 turns).

jasper the Fighter (Demonspawn Shapeshifter)        Turns: 4531, Time: 00:09:31

Health: -1/93      AC: 23    Str: 16    XL:     7   Next: 86%
Magic:  7/7        EV:  2    Int: 11    God:    Yredelemnul [*.....]
Gold:   59         SH:  0    Dex: 12    Spells: 6/6 levels left

rFire   . . .        v - +5 Force Lance {heavy, knockback}
rCold   . . .        (no shield)
rNeg    . . .        q - melded +4 robe of the Thoughtful Yaks {+Inv rC- Dex+6}
rPois   +            (helmet currently unavailable)
rElec   .            (cloak currently unavailable)
rCorr   .            (gloves currently unavailable)
SInv    .            (boots currently unavailable)
Will    .....        (no amulet)
Stlth   +            (no ring)
HPRegen 0.35/turn    (no ring)
MPRegen 0.10/turn

%: no passive effects
@: mighty, tree-form, hasted, wreathed by umbra, invisible, very quick
A: stationary, stasis, torment immunity, boosted hp, (weakness stinger 1)
a: Renounce Religion, Light the Black Torch, Recall Undead Harvest


You were on level 6 of the Dungeon.
You worshipped Yredelemnul.
Yredelemnul was noncommittal.
You were a tree.
You visited 2 branches of the dungeon, and saw 7 of its levels.

You collected 276 gold pieces.
You spent 217 gold pieces at shops.

Inventory:

Hand Weapons
 b - a +0 dagger
 o - a +0 sling
 s - a +0 quarterstaff
 v - the +5 Force Lance (weapon) {heavy, knockback}
   (You found it on level 5 of the Dungeon)
Missiles
 m - 20 stones
Armour
 a - a +0 animal skin
 i - a +0 leather armour
 k - a +0 cloak
 p - the orb of Pride {mayhem, rC+ Dex+4 Slay+3}
   (You found it on level 2 of the Dungeon)

   Dex+4:     It affects your dexterity (+4).
   Slay+3:    It affects your accuracy & damage with ranged weapons and melee
   (+3).
   rC+:       It protects you from cold.
 q - the +4 robe of the Thoughtful Yaks (melded) {+Inv rC- Dex+6}
   (You found it on level 2 of the Dungeon)

   Dex+6:     It affects your dexterity (+6).
   rC-:       It makes you vulnerable to cold.
   +Inv:      It lets you turn invisible.
 t - a +1 pair of boots
Talismans
 c - a beast talisman (active)
 d - a flux talisman
Scrolls
 f - 2 scrolls of blinking
 g - a scroll of enchant weapon
 j - a scroll of immolation
 u - 3 scrolls of teleportation
 y - 2 scrolls of identify
 B - a scroll of noise {unknown}
Potions
 h - 2 potions of enlightenment
 n - a potion of mutation
 r - 2 potions of magic
 x - 2 potions of might
 A - a potion of attraction {unknown}


   Skills:
 - Level 8.0 Fighting
 + Level 3.6 Polearms
 - Level 1.7 Dodging
 - Level 2.6 Unarmed Combat
 - Level 2.6 Shapeshifting


You had 6 spell levels left.
You didn't know any spells.
Your spell library contained the following spells:

 Spells                   Type           Power      Damage    Failure   Level
 Inner Flame              Hex/Fire       0%         N/A       71%         3
 Flame Wave               Conj/Fire      0%         2d4       98%         4
 Sticky Flame             Fire/Alch      0%         2d4       98%         4


Dungeon Overview and Level Annotations

Branches:
Dungeon (6/15)             Temple (1/1) D:4

Altars:
Dithmenos
Fedhas
Hepliaklqana
Kikubaaqudgha
Nemelex Xobeh
Okawaru
Sif Muna
Trog
Uskayaw
Vehumet
Wu Jian
Yredelemnul

Shops:
D:5 **=*

Annotations:
D:3 Terence
D:6 Dowan, Menkaure, Pikel


Innate Abilities, Weirdness & Mutations

You are a tree.
Your roots penetrate the ground, keeping you stationary.
You cannot be teleported.
You are immune to unholy pain and torment.
Your maximum health is greatly increased.
Your equipment is partially melded.
((You have a small tail.))


Message History

The two-headed ogre hits you with a +0 giant club.
The two-headed ogre hits you with a +0 giant spiked club!
* * * LOW HITPOINT WARNING * * *
The lemure barely misses you.
Your Polearms skill increases to level 3!
You take 15 damage, and have 14/93 hp.
You feel yourself speed up.
The two-headed ogre hits you with a +0 giant club!
* * * LOW HITPOINT WARNING * * *
The two-headed ogre hits you with a +0 giant spiked club.
* * * LOW HITPOINT WARNING * * *
Dowan points at you and mumbles some strange words.
The stone arrow hits Menkaure!
The lemure hits you but does no damage.
You take 11 damage, and have 3/93 hp.
Okay, then.
Unknown command.
Unknown command.
You impale the two-headed ogre!!
The two-headed ogre is heavily wounded.
Duvessa hits the lemure.
You hit the two-headed ogre.
The two-headed ogre is knocked back by the blow.
The two-headed ogre slams into the rock wall.
The two-headed ogre is severely wounded.
The lemure hits you but does no damage.
Duvessa hits the lemure!
The two-headed ogre hits you but does no damage.
The two-headed ogre hits you with a +0 giant spiked club.
* * * LOW HITPOINT WARNING * * *
You take 2 damage, and have 1/93 hp.
You closely miss the two-headed ogre.
The two-headed ogre is severely wounded.
Dowan casts a spell at you.
The shard of ice hits Menkaure.
Menkaure partially resists.
The lemure hits you but does no damage.
Duvessa closely misses the lemure.
You closely miss the two-headed ogre.
The two-headed ogre is severely wounded.
The lemure hits you but does no damage.
The two-headed ogre hits you with a +0 giant club.
You die...
Your body rises from the dead as a mindless zombie.

...5 #.. #.## ####
####..#####
##...####.........#
##.......=....Z.##.###
#......K##.#....#.....
#....Z55OMe#..........
#......♣####..###.....
##.......###..####.##.
##..#..ß..........#
.... ##....##.######
### #..ß.##.#
+.......######
#..ß.#..).$.)#
#....#.#####.####.
#..ß.##.#...#......


You could see a two-headed ogre (unable to see you), Pikel (unable to see you),
2 lemures, Menkaure (fast, distracted), Dowan (unable to see you) and the
friendly Duvessa the elf zombie.

Vanquished Creatures
  Duvessa (D:6)
  An ogre (D:5)
  A centaur (D:6)
  A phantom (D:5)
  2 lemures (D:6)
  A jelly (D:4)
  2 hounds (D:4)
  2 orc wizards (D:6)
  3 iguanas (D:5)
  Natasha (twice) (D:3)
  5 adders
  A white imp (D:5)
  A dart slug (D:1)
  4 ribbon worms
  4 orcs
  2 ball pythons (D:4)
  6 endoplasms
  2 giant cockroaches
  6 goblins
  11 hobgoblins
  2 jackals (D:1)
  A quokka (D:1)
  2 bats (D:1)
  3 frilled lizards (D:1)
  3 kobolds
  5 rats
74 creatures vanquished.

Vanquished Creatures (collateral kills)
  A wyvern (D:5)
  A howler monkey (D:5)
  A bombardier beetle (D:5)
3 creatures vanquished.

Vanquished Creatures (others)
  A centaur zombie (D:6)
  An adder zombie (D:4)
  2 ball python zombies (D:4)
  An endoplasm zombie (D:4)
  A hobgoblin zombie (D:4)
  4 orc zombies (D:6)
10 creatures vanquished.

Grand Total: 87 creatures vanquished

Notes
Turn   | Place    | Note
-------+----------+-------------------------------------------
     0 | D:1      | jasper the Demonspawn Shapeshifter began the quest for the
                  | Orb.
     0 | D:1      | Reached XP level 1. HP: 15/15 MP: 1/1
   152 | D:1      | Reached skill level 2 in Fighting
   199 | D:1      | Gained mutation: You have a small tail. [demonic ancestry]
   199 | D:1      | Reached XP level 2. HP: 20/22 MP: 2/2
  1166 | D:2      | Reached skill level 3 in Fighting
  1210 | D:2      | Reached XP level 3. HP: 25/29 MP: 3/3
  1665 | D:2      | Identified the orb of Pride {mayhem, rC+ Dex+4 Slay+3}
  1770 | D:2      | Identified the +4 robe of the Thoughtful Yaks {+Inv rC-
                  | Dex+6}
  2081 | D:3      | Reached XP level 4. HP: 37/37 MP: 4/4
  2085 | D:3      | Noticed Natasha
  2091 | D:3      | Killed Natasha
  2092 | D:3      | Reached skill level 4 in Fighting
  2152 | D:3      | Found a faded altar of an unknown god.
  2176 | D:3      | Prayed at the altar of an unknown god.
  2176 | D:3      | Became a worshipper of Sif Muna the Loreminder
  2176 | D:3      | Reached * piety under Sif Muna
  2187 | D:3      | Fell from the grace of Sif Muna
  2302 | D:3      | Noticed Natasha
  2313 | D:3      | Killed Natasha
  2361 | D:3      | Noticed Terence
  2403 | D:4      | Found a staircase to the Ecumenical Temple.
  2417 | Temple   | Entered the Ecumenical Temple
  2425 | Temple   | Became a worshipper of Yredelemnul the Fallen
  2511 | D:4      | Reached skill level 5 in Fighting
  2511 | D:4      | Reached XP level 5. HP: 41/44 MP: 5/5
  2840 | D:4      | Found an ancient bone altar of Kikubaaqudgha.
  2842 | D:4      | Found a hazy altar of Hepliaklqana.
  2844 | D:4      | Found a bloodstained altar of Trog.
  3181 | D:4      | Noticed an ogre
  3263 | D:5      | Entered Level 5 of the Dungeon
  3279 | D:5      | Reached skill level 6 in Fighting
  3283 | D:5      | Reached XP level 6. HP: 32/52 MP: 6/6
  3445 | D:5      | Noticed a wyvern
  3455 | D:5      | Killed a wyvern
  3456 | D:5      | Reached skill level 7 in Fighting
  3462 | D:5      | Reached XP level 7. HP: 40/60 MP: 7/7
  3544 | D:5      | Found Onoqikk's Assorted Antiques.
  3545 | D:5      | Found Ocwilyrr's Assorted Antiques.
  3545 | D:5      | Found Aleepyuk's General Store.
  3545 | D:5      | Found Asirph's Jewellery Shoppe.
  3570 | D:5      | Bought a lumpy amethyst potion for 22 gold pieces
  3570 | D:5      | Bought a fizzy yellow potion for 22 gold pieces
  3596 | D:5      | Bought a scroll of identify for 50 gold pieces
  3596 | D:5      | Bought a fizzy yellow potion for 22 gold pieces
  3596 | D:5      | Bought a potion of lignification for 75 gold pieces
  3599 | D:5      | Bought a scroll of identify for 26 gold pieces
  3655 | D:5      | Found the +5 Force Lance {heavy, knockback}
  3664 | D:5      | Reached skill level 8 in Fighting
  3672 | D:5      | Reached skill level 1 in Polearms
  3744 | D:5      | Found a hide-covered altar of Uskayaw.
  4293 | D:5      | Found a shimmering blue altar of Sif Muna.
  4497 | D:6      | Noticed Pikel
  4499 | D:6      | Noticed Duvessa
  4500 | D:6      | Noticed Dowan
  4501 | D:6      | Noticed Menkaure
  4502 | D:6      | Noticed a two-headed ogre
  4526 | D:6      | Killed Duvessa
  4526 | D:6      | Reached * piety under Yredelemnul
  4527 | D:6      | HP: 4/93 [two-headed ogre/+0 giant club (10)]
  4529 | D:6      | HP: 1/93 [two-headed ogre/+0 giant club (3)]
  4531 | D:6      | Slain by a two-headed ogre

Illustrated notes

Levels and vault maps discovered:
D:1:      co_arrival_random_square_maze, layout_loops_ring, chequers_big_river
D:2:      layout_loops_ring, grunt_decor_arrowhead
D:3:      layout_basic, shapermc_ecumenical_altar_mp_highgroup, uniq_terence,
          uniq_natasha, uniq_grinder
D:4:      layout_layer_cave, grunt_temple_overflow_open,
          minmay_temple_entry_arrows
D:5:      layout_basic, nicolae_sif_muna_little_library,
          nicolae_uskayaw_murder_on_the_dancefloor, minmay_shop_grid_forest
D:6:      layout_loops_cross, mainiacjoe_overflow_catwalk, zin_statuary,
          gup_sewer_entry_pipe, uniq_menkaure, uniq_jeremiah, uniq_duvessa,
          uniq_pikel, uniq_crazy_yiuf_cottage
Temple:   nicolae_temple_two_arcs

Skill      XL: |  1  2  3  4  5  6  7 |
---------------+----------------------+-----
Fighting       | 2 3 5 6 7 8 |  8.0
Polearms       | 3 |  3.6
Dodging        | |  1.7
Unarmed Combat | |  2.6
Shapeshifting  | |  2.6

Action                     |  1- 3 |  4- 6 |  7- 9 || total
---------------------------+-------+-------+-------++-------
  Melee: Unarmed           |   123 |    98 |    16 ||   237
         Tailslap          |    14 |    19 |     7 ||    40
         Punch             |       |     4 |     1 ||     5
         Lance             |       |       |    31 ||    31
  Throw: Dart              |       |     2 |       ||     2
 Invoke: Light the Black T |       |     2 |     1 ||     3
         Renounce Religion |       |     1 |       ||     1
    Use: Potion            |     1 |     1 |     5 ||     7
         Scroll            |     6 |     4 |     3 ||    13
   Stab: Sleeping          |       |     2 |     1 ||     3
         Invisible         |       |       |     3 ||     3
 Armour: Animal skin       |    10 |       |       ||    10
         Skin              |     6 |     1 |    15 ||    22
         Leather armour    |    30 |       |       ||    30
         Robe              |     5 |    41 |    41 ||    87
  Dodge: Dodged            |    52 |    52 |    29 ||   133

Table legend: (Time is in decaauts)
 A = Elapsed time spent in this place.
 B = Non-inter-level travel time spent in this place.
 C = Inter-level travel time spent in this place.
 D = Time resting spent in this place.
 E = Time spent auto-exploring this place.
 F = Levels seen in this place.
 G = Mean time per level.
                   A        B        C        D        E       F      G
               +--------+--------+--------+--------+--------+-----+--------+
         Total |   4543 |   4445 |     98 |    525 |   2915 |   7 |  649.0 |
       Dungeon |   4526 |   4428 |     98 |    525 |   2915 |   6 |  754.3 |
        Temple |     16 |     16 |      0 |      0 |      0 |   1 |   16.0 |
               +--------+--------+--------+--------+--------+-----+--------+

Top non-repeatable levels by time:
     D:5: 1152 daAuts
     D:1: 1069 daAuts
     D:2: 1013 daAuts
     D:4: 876 daAuts
     D:3: 289 daAuts
     D:6: 125 daAuts
  Temple: 16 daAuts
